ORI
OREGON STATE UNIVERSITY BEAVERS @ UNIVERSITY OF VIRGINIA CAVALIERS
08/31/2048
 
TOP OF THE 1ST
Oregon State University Beavers batting - Pitching for University of Virginia Cavaliers : RHP Dan Ford
Pitching: RHP Dan Ford
Batting: LHB Sun-wei Kuai 0-0: Swinging Strike
0-1: Foul Ball, location: 2F
0-2: Fly out, F8 (Flyball, 8LXD, EV 106.2 MPH)
Batting: LHB Jon Hamilton 0-0: Swinging Strike
0-1: Ball
1-1: Fly out, F8 (Line Drive, 8RD, EV 91.9 MPH)
Batting: RHB Luis Flores 0-0: Ball
1-0: Ball
2-0: Ball
3-0: Called Strike
3-1: Called Strike
3-2: Foul Ball, location: 2F
3-2: Base on Balls
Batting: RHB Steve Webb 0-0: Ball
1-0: Ball
2-0: Foul Ball, location: 2F
2-1: Called Strike
2-2: Foul Ball, location: 2F
2-2: Ball
3-2: SINGLE (Groundball, 34S, EV 88.1 MPH) (infield hit)
Luis Flores to second
Batting: RHB Oscar Munoz 0-0: Called Strike
0-1: Swinging Strike
0-2: Ball
1-2: Ball
2-2: Ball
3-2: Strikes out swinging
Top of the 1st over - 0 runs, 1 hit, 0 errors, 2 left on base; Oregon State University 0 - University of Virginia 0
BOTTOM OF THE 1ST
University of Virginia Cavaliers batting - Pitching for Oregon State University Beavers : RHP Willie Lopez
Pitching: RHP Willie Lopez
Batting: RHB Luke Bertrand 0-0: Ground out 4-3 (Groundball, 4MD, EV 90.0 MPH)
Batting: LHB Edelberto Barbas 0-0: Called Strike
0-1: Foul Ball, location: 2F
0-2: Ball
1-2: Ground out 4-3 (Groundball, 4, EV 78.8 MPH)
Batting: LHB Alex Aguilar 0-0: Called Strike
0-1: Called Strike
0-2: Ball
1-2: Ground out 4-3 (Groundball, 34D, EV 94.4 MPH)
Bottom of the 1st over - 0 runs, 0 hits, 0 errors, 0 left on base; Oregon State University 0 - University of Virginia 0
TOP OF THE 2ND
Oregon State University Beavers batting - Pitching for University of Virginia Cavaliers : RHP Dan Ford
Batting: LHB Jason Trevarrow 0-0: Swinging Strike
0-1: Swinging Strike
0-2: Fly out, F8 (Line Drive, 8LM, EV 92.5 MPH)
Batting: LHB Fred Bal 0-0: Ball
1-0: Ball
2-0: Ground out 6-3 (Groundball, 6M, EV 101.2 MPH)
Batting: SHB Sosaia Apelahama 0-0: Fly out, F9 (Flyball, 89M, EV 88.8 MPH)
Top of the 2nd over - 0 runs, 0 hits, 0 errors, 0 left on base; Oregon State University 0 - University of Virginia 0
BOTTOM OF THE 2ND
University of Virginia Cavaliers batting - Pitching for Oregon State University Beavers : RHP Willie Lopez
Batting: RHB Pedro Lopez 0-0: Ball
1-0: Ball
2-0: Ball
3-0: Base on Balls
Batting: RHB Mike Llamas 0-0: Ball
Pedro Lopez is caught stealing 2nd base 2-4
1-0: Swinging Strike
1-1: Foul Ball, location: 2F
1-2: Ball
2-2: Strikes out looking
Batting: RHB Jose Velez 0-0: Swinging Strike
0-1: Ground out 6-3 (Groundball, 6, EV 84.4 MPH)
Bottom of the 2nd over - 0 runs, 0 hits, 0 errors, 0 left on base; Oregon State University 0 - University of Virginia 0
TOP OF THE 3RD
Oregon State University Beavers batting - Pitching for University of Virginia Cavaliers : RHP Dan Ford
Batting: RHB Kali Kartosuwiryo 0-0: Ball
1-0: Foul Ball, location: 2F
1-1: Fly out, F8 (Flyball, 8RD, EV 101.2 MPH)
Batting: LHB Sun-wei Kuai 0-0: Foul Ball, location: 2F
0-1: Foul Ball, location: 2F
0-2: Foul Ball, location: 2F
0-2: Foul Ball, location: 2F
0-2: Foul Ball, location: 2F
0-2: Ground out 5-3 (Groundball, 5, EV 101.2 MPH)
Batting: LHB Jon Hamilton 0-0: Called Strike
0-1: Ball
1-1: Foul Ball, location: 2F
1-2: Foul Ball, location: 2F
1-2: Strikes out looking
Top of the 3rd over - 0 runs, 0 hits, 0 errors, 0 left on base; Oregon State University 0 - University of Virginia 0
BOTTOM OF THE 3RD
University of Virginia Cavaliers batting - Pitching for Oregon State University Beavers : RHP Willie Lopez
Batting: LHB Josh Glass 0-0: Called Strike
0-1: Ball
1-1: Swinging Strike
1-2: Strikes out swinging
Batting: RHB Scott Anderson 0-0: Called Strike
0-1: Foul Ball, location: 2F
0-2: Foul Ball, location: 2F
0-2: Ball
1-2: Strikes out swinging
Batting: RHB Nick Cech 0-0: Ball
1-0: Called Strike
1-1: Ball
2-1: Swinging Strike
2-2: Ball
3-2: Foul Ball, location: 2F
3-2: SINGLE (Groundball, 6, EV 95.0 MPH)
Batting: RHB Luke Bertrand 0-0: Ball
1-0: Ground out 4-3 (Groundball, 4, EV 91.2 MPH)
Bottom of the 3rd over - 0 runs, 1 hit, 0 errors, 1 left on base; Oregon State University 0 - University of Virginia 0
TOP OF THE 4TH
Oregon State University Beavers batting - Pitching for University of Virginia Cavaliers : RHP Dan Ford
Batting: RHB Luis Flores 0-0: SINGLE (Line Drive, 78M, EV 95.0 MPH)
Batting: RHB Steve Webb 0-0: Ball
1-0: Ball
2-0: Ball
3-0: Base on Balls
Luis Flores to second
Batting: RHB Oscar Munoz 0-0: Ball
1-0: Called Strike
1-1: Ball
2-1: Foul Ball, location: 2F
2-2: Strikes out swinging
Batting: LHB Jason Trevarrow 0-0: Called Strike
0-1: Ball
1-1: Ball
2-1: Swinging Strike
2-2: Foul Ball, location: 2F
2-2: Ball
3-2: Strikes out looking
Batting: LHB Fred Bal 0-0: Fly out, F8 (Flyball, 89D, EV 108.1 MPH)
Top of the 4th over - 0 runs, 1 hit, 0 errors, 2 left on base; Oregon State University 0 - University of Virginia 0
BOTTOM OF THE 4TH
University of Virginia Cavaliers batting - Pitching for Oregon State University Beavers : RHP Willie Lopez
Batting: LHB Edelberto Barbas 0-0: Ball
1-0: Ball
2-0: Called Strike
2-1: Foul Ball, location: 2F
2-2: Ground out 5-3 (Groundball, 5, EV 83.8 MPH)
Batting: LHB Alex Aguilar 0-0: Foul Ball, location: 2F
0-1: Ball
1-1: Ball
2-1: Foul Ball, location: 2F
2-2: Strikes out swinging
Batting: RHB Pedro Lopez 0-0: Foul Ball, location: 2F
0-1: Ball
1-1: Swinging Strike
1-2: Fly out, F7 (Flyball, 7D, EV 98.1 MPH)
Bottom of the 4th over - 0 runs, 0 hits, 0 errors, 0 left on base; Oregon State University 0 - University of Virginia 0
TOP OF THE 5TH
Oregon State University Beavers batting - Pitching for University of Virginia Cavaliers : RHP Dan Ford
Batting: SHB Sosaia Apelahama 0-0: Ball
1-0: Swinging Strike
1-1: Ball
2-1: Foul Ball, location: 2F
2-2: Ball
3-2: Foul Ball, location: 2F
3-2: Ground out U3 (Groundball, 3S, EV 86.9 MPH)
Batting: RHB Kali Kartosuwiryo 0-0: Called Strike
0-1: Foul Ball, location: 2F
0-2: Foul Ball, location: 2F
0-2: Foul Ball, location: 2F
0-2: Ball
1-2: Foul Ball, location: 2F
1-2: Ball
2-2: Strikes out swinging
Batting: LHB Sun-wei Kuai 0-0: Ball
1-0: Swinging Strike
1-1: Ball
2-1: Ball
3-1: Called Strike
3-2: Base on Balls
Pitching: RHP Tommy Koerner
Batting: LHB Jon Hamilton 0-0: Ball
1-0: Foul Ball, location: 2F
1-1: Ball
2-1: Foul Ball, location: 2F
2-2: Fly out, F9 (Flyball, 89M, EV 85.6 MPH)
Top of the 5th over - 0 runs, 0 hits, 0 errors, 1 left on base; Oregon State University 0 - University of Virginia 0
BOTTOM OF THE 5TH
University of Virginia Cavaliers batting - Pitching for Oregon State University Beavers : RHP Willie Lopez
Batting: RHB Mike Llamas 0-0: Called Strike
0-1: Swinging Strike
0-2: Foul Ball, location: 2F
0-2: SINGLE (Flyball, 8RS, EV 91.9 MPH)
Batting: RHB Jose Velez 0-0: Called Strike
0-1: Ball
1-1: Swinging Strike
1-2: Strikes out swinging
Batting: LHB Josh Glass 0-0: Ball
1-0: Foul Ball, location: 2F
1-1: Foul Ball, location: 2F
1-2: Ball
2-2: Ball
3-2: Foul Ball, location: 2F
3-2: SINGLE (Groundball, 34, EV 99.4 MPH)
Mike Llamas to second
Throwing error, E9
Mike Llamas scores
Josh Glass to second
Batting: RHB Scott Anderson 0-0: Ground out U3 (Groundball, 3S, EV 76.2 MPH)
Josh Glass to third
Batting: RHB Nick Cech 0-0: Called Strike
0-1: Ball
1-1: Foul Ball, location: 2F
1-2: Foul Ball, location: 2F
1-2: Ball
2-2: Foul Ball, location: 2F
2-2: Ball
3-2: Base on Balls
Batting: RHB Luke Bertrand 0-0: Ball
Wild Pitch!
Josh Glass scores
Nick Cech to second
1-0: Ball
2-0: Called Strike
2-1: Ball
3-1: SINGLE (Groundball, 6D, EV 106.9 MPH)
Nick Cech to third
Runner from 3rd tries for Home, SAFE, throw by CF to home
Pitching: RHP Bill Vadeboncoeur
Batting: LHB Edelberto Barbas 0-0: Ball
1-0: SINGLE (Line Drive, 8LS, EV 107.5 MPH)
Luke Bertrand to second
Batting: LHB Alex Aguilar 0-0: Reached on error, E4 (Groundball, 4, EV 100.6 MPH)
Luke Bertrand to third
Edelberto Barbas to second
Batting: RHB Pedro Lopez 0-0: Called Strike
0-1: Ground out 6-3 (Groundball, 6MS, EV 87.5 MPH)
Bottom of the 5th over - 3 runs, 4 hits, 2 errors, 3 left on base; Oregon State University 0 - University of Virginia 3
TOP OF THE 6TH
Oregon State University Beavers batting - Pitching for University of Virginia Cavaliers : RHP Tommy Koerner
Batting: RHB Luis Flores 0-0: Ball
1-0: Called Strike
1-1: Ball
2-1: Foul Ball, location: 2F
2-2: Strikes out swinging, 2-3 out at first.
Batting: RHB Steve Webb 0-0: Called Strike
0-1: Foul Ball, location: 2F
0-2: SINGLE (Groundball, 34D, EV 94.4 MPH)
Batting: RHB Oscar Munoz 0-0: Called Strike
0-1: Foul Ball, location: 2F
0-2: Strikes out looking
Batting: LHB Jason Trevarrow 0-0: Ball
1-0: Fielders Choice at 2nd, U4 (Groundball, 4M, EV 105.0 MPH)
Top of the 6th over - 0 runs, 1 hit, 0 errors, 1 left on base; Oregon State University 0 - University of Virginia 3
BOTTOM OF THE 6TH
University of Virginia Cavaliers batting - Pitching for Oregon State University Beavers : RHP Bill Vadeboncoeur
Batting: RHB Mike Llamas 0-0: Ball
1-0: Foul Ball, location: 2F
1-1: Called Strike
1-2: DOUBLE (Flyball, 89D, EV 91.9 MPH)
Batting: RHB Jose Velez 0-0: Fly out, F4 (Popup, 34D, EV 60.0 MPH)
Batting: LHB Josh Glass 0-0: Called Strike
0-1: Swinging Strike
0-2: Strikes out swinging
Batting: RHB Scott Anderson 0-0: Called Strike
0-1: Ground out 4-3 (Groundball, 4, EV 108.1 MPH)
Bottom of the 6th over - 0 runs, 1 hit, 0 errors, 1 left on base; Oregon State University 0 - University of Virginia 3
TOP OF THE 7TH
Oregon State University Beavers batting - Pitching for University of Virginia Cavaliers : RHP Tommy Koerner
Batting: LHB Fred Bal 0-0: Called Strike
0-1: Called Strike
0-2: Ball
1-2: Strikes out looking
Batting: SHB Sosaia Apelahama 0-0: Swinging Strike
0-1: Ball
1-1: Foul Ball, location: 2F
1-2: Ground out 4-3 (Groundball, 4, EV 93.8 MPH)
Batting: RHB Kali Kartosuwiryo 0-0: Called Strike
0-1: Ball
1-1: Called Strike
1-2: Strikes out swinging
Top of the 7th over - 0 runs, 0 hits, 0 errors, 0 left on base; Oregon State University 0 - University of Virginia 3
BOTTOM OF THE 7TH
University of Virginia Cavaliers batting - Pitching for Oregon State University Beavers : RHP Bill Vadeboncoeur
Batting: RHB Nick Cech 0-0: Ground out 5-3 (Groundball, 5S, EV 82.5 MPH)
Batting: RHB Luke Bertrand 0-0: Ball
1-0: Foul Ball, location: 2F
1-1: Ball
2-1: Fly out, F9 (Flyball, 9S, EV 85.0 MPH)
Batting: LHB Edelberto Barbas 0-0: Ball
1-0: Called Strike
1-1: Foul Ball, location: 2F
1-2: SINGLE (Flyball, 56D, EV 85.6 MPH)
Batting: LHB Alex Aguilar 0-0: Ball
1-0: Swinging Strike
1-1: Ball
2-1: Ball
3-1: Foul Ball, location: 2F
3-2: SINGLE (Line Drive, 9S, EV 103.8 MPH)
Edelberto Barbas to second
Edelberto Barbas to third
Batting: RHB Pedro Lopez 0-0: Ball
1-0: Foul Ball, location: 2F
1-1: 3-RUN HOME RUN (Flyball, 7LD, EV 92.5 MPH), Distance : 363 ft
Pitching: RHP Cody Alcaraz
Batting: RHB Mike Llamas 0-0: Ball
1-0: Foul Ball, location: 2F
1-1: Foul Ball, location: 2F
1-2: Foul Ball, location: 2F
1-2: Ball
2-2: Ball
3-2: Ground out 5-3 (Groundball, 56, EV 81.2 MPH)
Bottom of the 7th over - 3 runs, 3 hits, 0 errors, 0 left on base; Oregon State University 0 - University of Virginia 6
TOP OF THE 8TH
Oregon State University Beavers batting - Pitching for University of Virginia Cavaliers : RHP Tommy Koerner
Batting: LHB Sun-wei Kuai 0-0: Foul Ball, location: 2F
0-1: Ball
1-1: Called Strike
1-2: Foul Ball, location: 2F
1-2: Ball
2-2: SOLO HOME RUN (Flyball, 9D, EV 101.9 MPH), Distance : 386 ft
Batting: LHB Jon Hamilton 0-0: Ball
1-0: Ball
2-0: Ball
3-0: Called Strike
3-1: Base on Balls
Batting: RHB Luis Flores 0-0: Fielders Choice at 2nd, 6-4 (Groundball, 6MD, EV 108.1 MPH)
Batting: RHB Steve Webb 0-0: Fielders Choice at 2nd, 4-6 (Groundball, 34, EV 89.4 MPH)
Batting: RHB Oscar Munoz 0-0: Ball
1-0: Fielders Choice at 2nd, 5-4 (Groundball, 5, EV 87.5 MPH)
Top of the 8th over - 1 run, 1 hit, 0 errors, 1 left on base; Oregon State University 1 - University of Virginia 6
BOTTOM OF THE 8TH
University of Virginia Cavaliers batting - Pitching for Oregon State University Beavers : RHP Cody Alcaraz
Batting: RHB Jose Velez 0-0: Ball
1-0: Ball
2-0: Ball
3-0: Base on Balls
Batting: LHB Josh Glass 0-0: Foul Ball, location: 2F
0-1: Ball
1-1: Ball
2-1: Ball
3-1: Foul Ball, location: 2F
3-2: 2-RUN HOME RUN (Flyball, 9D, EV 97.5 MPH), Distance : 372 ft
Batting: RHB Scott Anderson 0-0: Called Strike
0-1: Ball
1-1: Ball
2-1: Ball
3-1: Base on Balls
Batting: RHB Nick Cech 0-0: Ball
Scott Anderson steals 2nd base
1-0: Swinging Strike
1-1: Foul Ball, location: 2F
1-2: Strikes out looking
Batting: RHB Luke Bertrand 0-0: Called Strike
0-1: Ball
1-1: Ball
2-1: Ball
3-1: Ground out 4-3 (Groundball, 4, EV 88.1 MPH)
Scott Anderson to third
Pitching: RHP Josh Palmquist
Pinch Hitting: SHB Mink Hendriks 0-0: Ground out 4-3 (Groundball, 4, EV 91.2 MPH)
Bottom of the 8th over - 2 runs, 1 hit, 0 errors, 1 left on base; Oregon State University 1 - University of Virginia 8
TOP OF THE 9TH
Oregon State University Beavers batting - Pitching for University of Virginia Cavaliers : RHP Tommy Koerner
Now in LF: Jason Chase
Batting: LHB Jason Trevarrow 0-0: Ball
1-0: Foul Ball, location: 2F
1-1: Called Strike
1-2: Ball
2-2: Strikes out swinging
Batting: LHB Fred Bal 0-0: Foul Ball, location: 2F
0-1: Ground out U3 (Groundball, 3, EV 83.8 MPH)
Batting: SHB Sosaia Apelahama 0-0: Ground out 3-1 (Groundball, 34, EV 107.5 MPH)
Top of the 9th over - 0 runs, 0 hits, 0 errors, 0 left on base; Oregon State University 1 - University of Virginia 8
Tuesday, March 28th , 2023 - OOTP Baseball 23.10 Build 110